Map: Submarine LE

Players

redbusman

  • Race: Terran Terran
  • League: Silver
  • Spawn Location: 5:00

Bigfer - Winner!

  • Race: Terran Terran
  • League: Silver
  • Spawn Location: 11:00

VOD

Have the link to the VOD?

Description

Time

  • Played on: July 26, 2020, 7:34 p.m.
  • Length: 15:16
Show
View Real Time Build Order
Export as new Build Order

redbusman Terran 

Build Orders:  

Get SALT Encoding   

  12  0:01  SCV  
  13  0:13  SCV  
  14  0:20  Supply Depot  
  14  0:28  SCV  
  15  0:42  SCV  
  16  0:44  Barracks  
  16  0:51  Refinery  
  16  0:54  Refinery  
  16  1:23  SCV  
  17  1:35  Marine  
  17  1:38  Command Center  
  18  1:45  Orbital Command  
  18  1:53  Marine  
  19  2:04  Supply Depot  
  19  2:20  SCV  
  20  2:23  Barracks Reactor  
  20  2:33  Factory, SCV  
  21  2:45  SCV  
  21  2:51  Supply Depot  
  22  2:57  Orbital Command  
  22  3:07  Engineering Bay  
  22  3:08  Marine  
  23  3:16  SCV  
  24  3:24  SCV  
  25  3:29  SCV  
  26  3:36  SCV  
  26  3:40  Starport, Factory Tech Lab  
  26  3:41  SCV  
  28  3:49  SCV  
  28  3:55  SCV  
  30  4:01  SCV  
  31  4:07  SCV  
  31  4:08  Siege Tank  
  35  4:14  SCV  
  36  4:19  SCV  
  36  4:20  Barracks  
  36  4:22  Barracks  
  37  4:26  SCV  
  37  4:29  Engineering Bay  
  38  4:32  SCV  
  38  4:38  SCV  
  40  4:44  SCV  
  41  4:50  SCV  
  42  5:01  Missile Turret  
  42  5:02  SCV  
  42  5:05  Missile Turret  
  42  5:06  Missile Turret  
  43  5:09  Starport Tech Lab  
  43  5:14  SCV  
  44  5:28  Combat Shield  
  44  5:34  Barracks Tech Lab  
  44  5:49  Bunker  
  44  5:54  Stimpack  
  44  6:01  Marine x3  
  44  6:02  Marine  
  48  6:06  Factory Tech Lab  
  48  6:08  Medivac  
  50  6:12  Terran Infantry Armor Level 1  
  50  6:14  Terran Infantry Weapons Level 1  
  50  6:19  Marine x4  
  54  6:29  Command Center  
  53  6:37  Marine  
  54  7:00  Supply Depot  
  54  7:01  Supply Depot  
  54  7:03  Supply Depot x2  
  54  7:04  Supply Depot  
  54  7:05  Supply Depot  
  54  7:18  Starport  
  54  7:22  Cyclone, Marine x4  
  61  7:23  Medivac  
  63  7:37  Missile Turret  
  63  7:39  Marine x4, SCV x2  
  70  7:51  SCV x2  
  70  7:52  Raven  
  70  7:54  Cyclone  
  70  7:57  Marine x4  
  80  7:59  Concussive Shells  
  80  8:03  SCV x2  
  77  8:15  Marine x4, SCV x2  
  83  8:26  Cyclone  
  86  8:27  SCV x2  
  86  8:33  Marine x3  
  91  8:51  Armory  
  91  8:52  Missile Turret  
  91  8:58  Refinery  
  91  9:01  Refinery  
  91  9:04  Planetary Fortress  
  91  9:08  Marine x4  
  95  9:26  Marine x4  
  99  9:33  Refinery  
  99  9:35  Missile Turret  
  99  9:37  Missile Turret x2  
  99  9:39  Missile Turret  
  99  9:43  Refinery  
  99  9:44  Marine x4  
  99  9:45  SCV  
  104  9:54  Supply Depot x2  
  104  9:57  Supply Depot, SCV  
  104  9:58  Supply Depot  
  104  9:59  Supply Depot  
  105  10:00  Supply Depot  
  105  10:01  Supply Depot, Marine  
  105  10:02  Marine x3, Medivac  
  111  10:09  SCV  
  112  10:19  Reaper, Marine x3  
  112  10:21  SCV  
  117  10:32  Medivac  
  117  10:33  SCV  
  120  10:37  Marine x3  
  123  10:51  Marine  
  123  10:55  Marine x3  
  127  11:00  Command Center  
  127  11:02  Medivac  
  113  11:31  Terran Infantry Weapons Level 2, Medivac  
  113  11:32  Terran Infantry Armor Level 2  
  110  11:46  Missile Turret  
  110  11:50  Missile Turret  
  110  11:52  Missile Turret x2  
  110  12:00  SCV  
  111  12:01  Medivac  
  111  12:02  SCV  
  111  12:03  SCV  
  115  12:12  SCV  
  115  12:14  SCV  
  115  12:15  SCV  
  118  12:17  Missile Turret  
  118  12:21  Missile Turret  
  118  12:22  Missile Turret  
  118  12:23  Missile Turret  
  118  12:24  SCV  
  118  12:27  SCV x2  
  121  12:36  SCV  
  122  12:39  SCV x2  
  122  12:43  Marine x4  
  128  12:46  Medivac  
  128  12:51  SCV x2  
  132  12:54  Cyclone  
  135  13:01  Marine x4  
  139  13:09  Missile Turret  
  139  13:16  Medivac  
  139  13:18  Marine  
  139  13:19  Marine x3  
  145  13:27  Cyclone  
  148  13:29  Missile Turret  
  148  13:33  Refinery  
  148  13:35  Refinery, Planetary Fortress  
  148  13:36  Marine x2  
  148  13:37  Marine x2, Missile Turret  
  152  13:46  Medivac  
  154  13:54  Marine  
  155  13:58  Missile Turret  
  155  13:59  Cyclone, Missile Turret  
  98  14:13  Marine x4  
  98  14:16  Medivac  
  83  14:30  Marine  
  83  14:31  Cyclone, Marine x3  
  73  14:40  Barracks  
  73  14:42  Barracks  
  73  14:43  Barracks x2  
  57  14:48  Marine x2  
  57  14:49  Marine x2  
Show
View Real Time Build Order
Export as new Build Order

Bigfer Terran - Winner!

Build Orders:  

Get SALT Encoding   

  12  0:01  SCV  
  13  0:13  SCV  
  14  0:23  Supply Depot  
  14  0:25  SCV  
  15  0:39  Refinery  
  15  0:46  Barracks  
  15  0:47  SCV  
  16  0:59  SCV  
  17  1:11  SCV  
  18  1:24  SCV  
  19  1:34  Supply Depot  
  19  1:36  SCV  
  20  1:47  Barracks Reactor  
  20  1:48  SCV  
  21  1:58  Command Center  
  21  2:02  Supply Depot  
  21  2:12  SCV  
  21  2:17  Refinery  
  21  2:24  SCV  
  21  2:26  Marine x2  
  24  2:36  SCV  
  26  2:44  Marine, Reaper  
  26  2:45  Factory  
  26  2:48  SCV  
  28  3:00  SCV  
  28  3:02  Marine  
  30  3:13  SCV  
  30  3:17  SCV  
  30  3:18  Refinery  
  32  3:25  SCV  
  33  3:29  Marine  
  33  3:32  SCV  
  35  3:35  Factory Tech Lab  
  35  3:37  SCV  
  35  3:38  Starport  
  36  3:44  SCV  
  37  3:49  SCV  
  37  3:54  Refinery  
  37  3:55  Marine x2  
  40  3:56  SCV  
  40  4:01  SCV  
  42  4:09  SCV  
  42  4:12  Widow Mine  
  42  4:16  Starport Reactor  
  44  4:22  Starport  
  44  4:25  Orbital Command  
  44  4:26  Orbital Command  
  44  4:34  Widow Mine  
  46  4:55  Siege Tank, Viking  
  46  4:56  Viking  
  53  5:06  SCV  
  53  5:14  SCV  
  53  5:31  Supply Depot  
  53  5:32  Supply Depot  
  53  5:33  Supply Depot  
  53  5:44  Command Center  
  53  6:07  Starport Tech Lab, Viking x2  
  53  6:08  Supply Depot x2  
  57  6:13  Supply Depot  
  55  6:35  Supply Depot  
  55  6:37  Viking x2  
  55  6:38  Hellion  
  61  6:43  Raven  
  63  6:52  Starport  
  63  7:14  Factory  
  63  7:16  Refinery  
  63  7:20  Viking x2  
  67  7:30  Fusion Core  
  67  7:35  Orbital Command  
  67  7:36  SCV x2  
  69  7:41  Refinery  
  69  7:48  SCV x2  
  71  8:00  SCV x2  
  71  8:10  Supply Depot x2  
  71  8:11  Supply Depot  
  72  8:12  SCV  
  72  8:13  SCV  
  72  8:18  Armory  
  67  8:23  SCV  
  67  8:24  SCV  
  67  8:25  SCV  
  70  8:27  Factory Tech Lab  
  70  8:31  Weapon Refit  
  70  8:32  Starport Tech Lab  
  70  8:35  Battlecruiser  
  70  8:37  Viking x2  
  80  9:05  Battlecruiser  
  80  9:07  Terran Vehicle Weapons Level 1, Command Center  
  86  9:10  Cloaking Field  
  86  9:12  Smart Servos  
  84  9:32  Siege Tank x2  
  90  9:40  Viking x2  
  90  9:44  Battlecruiser  
  100  10:09  Battlecruiser  
  100  10:11  Rapid Reignition System  
  106  10:18  Viking  
  106  10:20  Refinery  
  108  10:23  Viking  
  110  10:30  Orbital Command  
  106  10:43  Refinery  
  106  10:48  Viking  
  104  10:53  Viking  
  106  11:01  Terran Ship Weapons Level 1  
  106  11:09  Battlecruiser  
  112  11:13  Battlecruiser  
  118  11:18  Viking  
  118  11:23  Viking  
  122  11:41  SCV x3  
  125  11:56  Siege Tank x2  
  131  12:02  Supply Depot  
  131  12:03  Supply Depot x2  
  131  12:04  Supply Depot  
  131  12:06  SCV x2  
  131  12:07  SCV x2  
  135  12:19  Starport  
  135  12:24  SCV  
  135  12:27  Factory  
  135  12:28  Thor x2  
  148  12:30  Factory  
  148  12:43  Command Center  
  148  12:55  Terran Vehicle And Ship Armor Level 1  
  148  13:27  Battlecruiser x2  
  148  13:28  Viking x2  
  164  13:52  Thor x2  
  160  14:46  Refinery, Orbital Command  
  154  15:13  Refinery  
Tags
 
Matchup
TvT
Race
Terran
Spawn Locations
Cross Positions
Add a new tag
Caveats
  • Supply blocks, unpowered buildings, or Contaminate may cause inaccurate times.
  • Supply counts are checked every 10 seconds.